AoeStats
← jmplante19

Black Forest

509013111Analyzed
2v2 RM · 7d ago on Sep 25, 2026· 80m 25s· 4 players
Game mode
Random Map
Map size
Medium (4 player)
Population
200
Speed
Normal
Resources
Standard
Victory
Conquest
Starting age
Dark Age
Ending age
Imperial Age
RankedLock teamsTeams togetherTeam positionsShared explorationLock speedFull tech treeHidden civsTurbo modeCheats
Victory
Defeat
🇨🇦 Britons · Canada
728
+11
🇨🇦 Vietnamese · Canada
709
+11
🇺🇸 Huns · United States
615
-11
🇺🇸 Varangians · United States
615
-11
jmplante19
12:08 Feudal Age
20:59 Castle Age
21:48 Pikeman
23:18 Wheelbarrow
22:42 Double-Bit Axe
24:02 Husbandry
32:38 Squires
32:47 Scale Barding Armor
32:56 Fletching
37:30 Hand Cart
43:43 Imperial Age
43:15 Husbandry
43:25 Bloodlines
45:39 Chemistry
44:33 Gold Mining
44:26 Horse Collar
45:02 Bow Saw
47:33 Elite Battle Elephant
47:41 Elite Skirmisher
49:18 Thumb Ring
50:46 Fortified Wall
51:48 Halberdier
52:23 Imperial Skirmisher
54:08 Scale Mail Armor
55:18 Chain Mail Armor
56:21 Chatras
57:02 Elite Rattan Archer
59:51 Chain Barding Armor
59:42 Forging
60:04 Plate Mail Armor
59:35 Padded Archer Armor
66:47 Bodkin Arrow
67:08 Leather Archer Armor
69:11 Plate Barding Armor
68:38 Bracer
69:08 Ring Archer Armor
72:37 Iron Casting
72:25 Paper Money
snippypannic
1:01 Loom
12:14 Feudal Age
15:33 Double-Bit Axe
20:06 Castle Age
17:55 Horse Collar
30:47 Stone Mining
30:47 Gold Mining
36:26 Pikeman
44:35 Guard Tower
44:56 Fortified Wall
44:43 Murder Holes
49:31 Imperial Age
47:13 Padded Archer Armor
47:42 Fletching
47:59 Squires
49:24 Wheelbarrow
49:21 Bow Saw
50:18 Forging
51:29 Two-Man Saw
51:07 Yeomen
51:26 Hand Cart
50:57 Town Watch
54:17 Gold Shaft Mining
55:43 Elite Longbowman
58:01 Halberdier
60:42 Bodkin Arrow
61:03 Leather Archer Armor
61:23 Iron Casting
61:35 Bracer
61:32 Arson
61:18 Cranequins
61:19 Heavy Mounted Crossbowman
69:19 Blast Furnace
68:19 Scale Mail Armor
68:25 Scale Barding Armor
68:50 Ring Archer Armor
72:30 Guilds
72:55 Chain Mail Armor
77:52 Warwolf
78:14 Conscription
78:30 Hoardings
KONAAAAAAAAAAA
0:30 Loom
15:21 Feudal Age
15:53 Double-Bit Axe
15:57 Horse Collar
16:56 Wheelbarrow
16:28 Gold Mining
19:54 Castle Age
17:54 Stone Mining
21:39 Heavy Plow
22:07 Bow Saw
25:07 Fletching
27:17 Scale Barding Armor
32:01 Chain Barding Armor
42:36 Imperial Age
47:01 Wheelbarrow
49:58 Hand Cart
50:16 Husbandry
50:27 Bloodlines
51:06 Plate Barding Armor
50:43 Forging
50:10 Cavalier
54:30 Forging
57:29 Iron Casting
60:03 Elite Tarkan
60:50 Marauders
62:43 Blast Furnace
Sabrina Carpenter
16:25 Feudal Age
19:53 Bloodlines
20:40 Scale Barding Armor
20:49 Forging
25:14 Wheelbarrow
27:10 Castle Age
26:21 Horse Collar
26:30 Double-Bit Axe
26:38 Gold Mining
29:03 Husbandry
28:24 Light Cavalry
34:20 Hand Cart
39:22 Squires
42:05 Heavy Plow
42:20 Bow Saw
42:06 Stone Mining
43:50 Arson
44:30 Chain Barding Armor
44:46 Iron Casting
44:12 Scale Mail Armor
47:53 Chain Mail Armor
50:03 Loom
50:03 Town Watch
51:24 Fortified Wall
51:11 Murder Holes
51:29 Masonry
51:42 Ballistics
54:57 Imperial Age
56:14 Conscription
56:34 Plate Barding Armor
57:00 Blast Furnace
56:32 Plate Mail Armor
55:27 Hussar
55:35 Elite Varangian Guard
58:07 Crop Rotation
61:24 Elite Jarl
70:25 Two-Man Saw
70:56 Gothikon
70:58 Vendel Legacy
71:02 Cavalier
Connection lost

Rejoining the realm…

Still unreachable

The connection could not be restored.

Session expired

The server has moved on; the page needs a fresh start.